Golden Knights vs Oilers
Created - January 12, 2021 at 20:09
Goals
|
| Golden Knights |
1 |
1 |
0 |
2 |
| Oilers |
0 |
1 |
2 |
3 |
|
Shots
|
| Golden Knights |
15 |
9 |
10 |
34 |
| Oilers |
11 |
7 |
11 |
29 |
|
1st period
1. Golden Knights , Vladimir Zharkov 9 (Chris Higgins 5, Chris Tierney 5) at 14:42
Penalties :
Darnell Nurse (EDM) for Hooking (Minor) at 10:19
2nd period
2. Golden Knights , Jared Cowen 3 (Matt Stajan 21, Vladimir Zharkov 9) at 5:52 (PP)
3. Oilers , Riley Sheahan 9 (Taylor Hall 20, Teuvo Teravainen 19) at 16:56
Penalties :
Adam Larsson (EDM) for Interference (Minor) at 5:47, Andrei Loktionov (Vgs) for Roughing (Minor) at 7:46, Jordan Caron (EDM) for Tripping (Minor) at 9:50
3rd period
4. Oilers , Jordan Caron 2 (Kevin Porter 3, Adam Larsson 6) at 5:21
5. Oilers , Kellan Lain 6 (Jordan Caron 2, Tobias Enstrom 10) at 6:36
Penalties :
Darnell Nurse (EDM) for Holding (Minor) at 17:00
Goalie Stats
Ondrej Pavelec (Vgs), 26 saves from 29 shots - (0.897), L, 17-8-4, 59:13 minutes
James Reimer (EDM), 32 saves from 34 shots - (0.941), W, 14-9-3, 60:00 minutes
Players Stats for Golden Knights
Player Name G A P +/- PIM S H SB GA TA FO MP PP MP PK MP
------------------------------------------------------------------------------------
Andrei Loktionov 0 0 0 0 2 4 2 0 1 0 11/23 18:24 3:02 0:00
Chris Higgins 0 1 1 0 0 2 0 0 0 0 0/0 11:48 0:00 0:00
Chris Tierney 0 1 1 0 0 0 1 0 0 1 2/5 12:46 0:00 0:58
Ilya Kovalchuk 0 0 0 0 0 1 2 0 0 0 0/0 18:06 3:02 0:58
Jared Cowen 1 0 1 -1 0 2 1 2 0 0 0/0 24:33 3:06 1:25
Mathew Dumba 0 0 0 0 0 1 1 1 0 2 0/0 18:36 2:56 0:34
Matt Stajan 0 1 1 0 0 3 1 0 1 0 6/15 17:06 2:57 0:00
Michael Frolik 0 0 0 0 0 1 1 0 0 1 0/0 17:08 3:02 0:00
Michael Kostka 0 0 0 -1 0 0 0 5 0 1 0/0 17:25 0:00 0:34
Patrice Cormier 0 0 0 -2 0 1 2 0 0 2 4/6 11:39 0:03 0:57
Sergei Plotnikov 0 0 0 0 0 4 0 0 0 0 0/2 18:26 3:00 0:00
Shawn Matthias 0 0 0 -2 0 1 0 0 0 0 0/0 10:50 0:00 0:11
Steve Bernier 0 0 0 -2 0 0 0 0 0 0 0/0 10:39 0:00 0:00
Vladimir Mihalik 0 0 0 0 0 1 0 1 1 1 0/0 14:54 0:00 0:00
Vladimir Zharkov 1 1 2 0 0 2 0 0 0 1 1/1 18:26 3:00 0:00
Wayne Simmonds 0 0 0 0 0 4 2 1 1 0 0/0 12:42 0:00 0:54
Wes O'Neill 0 0 0 -1 0 3 0 0 0 1 0/0 21:05 3:06 0:00
Zach Bogosian 0 0 0 -1 0 4 1 2 0 2 0/0 23:27 2:56 1:25
Players Stats for Oilers
Player Name G A P +/- PIM S H SB GA TA FO MP PP MP PK MP
------------------------------------------------------------------------------------
Adam Larsson 0 1 1 0 2 1 3 1 2 0 0/0 24:54 0:00 2:15
Chris Kreider 0 0 0 0 0 1 1 2 0 0 1/2 15:26 0:48 1:13
Connor McDavid 0 0 0 0 0 0 0 1 1 0 1/5 12:31 0:48 0:14
Darnell Nurse 0 0 0 0 4 1 2 2 0 0 0/0 14:48 0:00 0:49
James Neal 0 0 0 0 0 1 3 0 0 0 0/0 14:05 0:00 1:38
Jordan Caron 1 1 2 2 2 1 1 0 1 0 0/0 9:10 0:00 0:00
Kellan Lain 1 0 1 2 0 4 1 0 1 0 0/0 11:58 0:00 3:03
Kevin Porter 0 1 1 2 0 1 0 0 0 0 3/6 10:38 0:00 1:27
Leon Draisaitl 0 0 0 0 0 2 1 0 2 0 7/13 14:32 1:11 0:00
Oscar Klefbom 0 0 0 2 0 1 1 3 1 0 0/0 17:32 1:36 2:13
Pavel Buchnevich 0 0 0 0 0 1 0 0 0 0 0/0 12:40 1:11 0:00
Phil Kessel 0 0 0 0 0 1 0 2 1 0 0/0 14:18 0:00 0:00
Riley Sheahan 1 0 1 0 0 4 1 3 0 1 15/25 20:02 0:00 3:02
Seth Jones 0 0 0 0 0 0 2 5 1 0 0/0 23:56 0:23 2:43
Shea Weber 0 0 0 0 0 1 0 1 1 1 0/0 20:35 0:23 2:57
Taylor Hall 0 1 1 0 0 3 0 1 1 0 1/1 20:48 1:11 1:27
Teuvo Teravainen 0 1 1 0 0 6 3 2 0 0 0/0 17:45 0:48 0:00
Tobias Enstrom 0 1 1 2 0 0 0 2 0 2 0/0 18:16 1:36 1:07
3 Stars
1 - Jordan Caron (EDM)
2 - Kellan Lain (EDM)
3 - James Reimer (EDM)
Power Play
Golden Knights - 1 on 4 Attempt(s) - 25.00%
Oilers - 0 on 1 Attempt(s) - 0.00%
Penalty Kill
Golden Knights - 1 on 1 Attempt(s) - 100.00%
- Score 0 goal in Penalty Kill
Oilers - 3 on 4 Attempt(s) - 75.00%
- Score 0 goal in Penalty Kill
Team Stat
Golden Knights - Hits : 14 - Faceoff Wins : 24 - Blocked Shots : 12 - Penalty Minutes : 2
Oilers - Hits : 19 - Faceoff Wins : 28 - Blocked Shots : 25 - Penalty Minutes : 8
Official
Referees : Unknown
Linesman : Unknown
Game Notes
No Game Note
Finance
Level 1 -- Attendance: 4855 (80.92%) -- Ticket Income $534,050
Level 2 -- Attendance: 4268 (85.36%) -- Ticket Income $298,760
Level 3 -- Attendance: 1503 (75.15%) -- Ticket Income $69,138
Level 4 -- Attendance: 3371 (84.28%) -- Ticket Income $101,130
Luxury Box -- Attendance: 1000 (100.00%) -- Ticket Income $180,000
Game was played at the The prudential Center.
Total Attendance: 14997 (83.32%)
Total Ticket Income: $1,183,078
Other Income: $177,462
Total Income: $1,360,540
Golden Knights
5 vs 5 Forward
Center Left Wing Right Wing Time % Phy DF OF
1 Andrei Loktionov Sergei Plotnikov Vladimir Zharkov 35 1 2 2
2 Matt Stajan Ilya Kovalchuk Michael Frolik 30 1 2 2
3 Chris Tierney Chris Higgins Wayne Simmonds 20 1 2 2
4 Patrice Cormier Shawn Matthias Steve Bernier 15 1 2 2
5 vs 5 Defense
Defense Defense Time % Phy DF OF
1 Zach Bogosian Jared Cowen 35 1 2 2
2 Wes O'Neill Michael Kostka 35 1 2 2
3 Vladimir Mihalik Mathew Dumba 30 1 2 2
4 Zach Bogosian Jared Cowen 0 1 2 2
PowerPlay Forward
Center Left Wing Right Wing Time % Phy DF OF
1 Andrei Loktionov Ilya Kovalchuk Michael Frolik 50 1 2 2
2 Matt Stajan Sergei Plotnikov Vladimir Zharkov 50 1 2 2
PowerPlay Defense
Defense Defense Time % Phy DF OF
1 Zach Bogosian Mathew Dumba 50 1 2 2
2 Wes O'Neill Jared Cowen 50 1 2 2
Penalty Kill 4 Players Forward
Center Wing Time % Phy DF OF
1 Chris Tierney Ilya Kovalchuk 50 1 2 2
2 Patrice Cormier Wayne Simmonds 50 1 2 2
Penalty Kill 4 Players Defense
Defense Defense Time % Phy DF OF
1 Zach Bogosian Jared Cowen 50 1 2 2
2 Michael Kostka Mathew Dumba 50 1 2 2
Penalty Kill - 3 Players Forward
Forward Time % Phy DF OF
1 Ilya Kovalchuk 60 1 2 2
2 Chris Higgins 40 1 2 2
Penalty Kill - 3 Players Defense
Defense Defense Time % Phy DF OF
1 Vladimir Mihalik Jared Cowen 69 1 2 2
2 Michael Kostka Wes O'Neill 31 1 2 2
4 vs 4 Forward
Center Wing Time % Phy DF OF
1 Matt Stajan Steve Bernier 60 1 2 2
2 Andrei Loktionov Sergei Plotnikov 40 1 2 2
4 vs 4 Defense
Defense Defense Time % Phy DF OF
1 Zach Bogosian Jared Cowen 60 1 2 2
2 Michael Kostka Mathew Dumba 40 1 2 2
Last Minutes Offensive
Center Left Wing Right Wing Defense Defense
Andrei Loktionov Sergei Plotnikov Michael Frolik Zach Bogosian Wes O'Neill
Last Minutes Defensive
Center Left Wing Right Wing Defense Defense
Matt Stajan Ilya Kovalchuk Michael Frolik Michael Kostka Jared Cowen
Goaltenders
Starting : Ondrej Pavelec
Backup : Matt Hackett
Extra Forwards
Normal : Patrice Cormier, Steve Bernier, Shawn Matthias - PP : Patrice Cormier, Steve Bernier - PK : Shawn Matthias
Extra Defensemen
Normal : Vladimir Mihalik, Wes O'Neill, Michael Kostka - PP : Vladimir Mihalik - PK : Wes O'Neill, Michael Kostka
Penalty Shots
Michael Frolik, Ilya Kovalchuk, Andrei Loktionov, Matt Stajan, Wayne Simmonds
Scratches
None
Oilers
5 vs 5 Forward
Center Left Wing Right Wing Time % Phy DF OF
1 Riley Sheahan Taylor Hall Teuvo Teravainen 40 1 2 2
2 Leon Draisaitl Chris Kreider Phil Kessel 30 1 2 2
3 Connor McDavid James Neal Pavel Buchnevich 20 1 2 2
4 Kevin Porter Kellan Lain Jordan Caron 10 1 2 2
5 vs 5 Defense
Defense Defense Time % Phy DF OF
1 Seth Jones Adam Larsson 40 1 2 2
2 Darnell Nurse Shea Weber 30 1 2 2
3 Tobias Enstrom Oscar Klefbom 20 1 2 2
4 Shea Weber Tobias Enstrom 10 1 2 2
PowerPlay Forward
Center Left Wing Right Wing Time % Phy DF OF
1 Connor McDavid Chris Kreider Teuvo Teravainen 60 0 2 3
2 Leon Draisaitl Taylor Hall Pavel Buchnevich 40 0 2 3
PowerPlay Defense
Defense Defense Time % Phy DF OF
1 Oscar Klefbom Tobias Enstrom 60 0 2 3
2 Seth Jones Shea Weber 40 0 2 3
Penalty Kill 4 Players Forward
Center Wing Time % Phy DF OF
1 Riley Sheahan Kellan Lain 60 0 3 2
2 Kevin Porter Taylor Hall 40 0 3 2
Penalty Kill 4 Players Defense
Defense Defense Time % Phy DF OF
1 Seth Jones Shea Weber 60 0 3 2
2 Darnell Nurse Adam Larsson 40 0 3 2
Penalty Kill - 3 Players Forward
Forward Time % Phy DF OF
1 Kevin Porter 60 0 3 2
2 Taylor Hall 40 0 3 2
Penalty Kill - 3 Players Defense
Defense Defense Time % Phy DF OF
1 Tobias Enstrom Shea Weber 60 0 3 2
2 Adam Larsson Darnell Nurse 40 0 3 2
4 vs 4 Forward
Center Wing Time % Phy DF OF
1 Riley Sheahan Phil Kessel 60 1 2 2
2 Connor McDavid Taylor Hall 40 1 2 2
4 vs 4 Defense
Defense Defense Time % Phy DF OF
1 Adam Larsson Shea Weber 60 1 2 2
2 Seth Jones Tobias Enstrom 40 1 2 2
Last Minutes Offensive
Center Left Wing Right Wing Defense Defense
Connor McDavid Taylor Hall Phil Kessel Seth Jones Shea Weber
Last Minutes Defensive
Center Left Wing Right Wing Defense Defense
Riley Sheahan Taylor Hall Phil Kessel Adam Larsson Shea Weber
Goaltenders
Starting : James Reimer
Backup : Jonas Gustavsson
Extra Forwards
Normal : Kellan Lain, James Neal, Teuvo Teravainen - PP : Connor McDavid, James Neal - PK : James Neal
Extra Defensemen
Normal : Darnell Nurse, Oscar Klefbom, Seth Jones - PP : Darnell Nurse - PK : Oscar Klefbom, Seth Jones
Penalty Shots
Phil Kessel, Taylor Hall, Chris Kreider, Riley Sheahan, Kellan Lain
Scratches
Anthony Stewart (Healthy), Denis Grebeshkov (Healthy), Mike Smith (Healthy)
% Time on Ice - Golden Knights
Lines # - Real PCT - Wanted PCT - Time Play
Normal Forward
1 - 30% - 35% - 15:23
2 - 28% - 30% - 14:09
3 - 23% - 20% - 11:48
4 - 19% - 15% - 9:41
Normal Defense
1 - 34% - 35% - 17:16
2 - 33% - 35% - 17:01
3 - 29% - 30% - 14:54
4 - 4% - 0% - 1:50
PP Forward
1 - 50% - 50% - 3:02
2 - 50% - 50% - 3:00
PP Defense
1 - 49% - 50% - 2:56
2 - 51% - 50% - 3:06
PK Forward
1 - 49% - 50% - 0:58
2 - 51% - 50% - 1:01
PK Defense
1 - 71% - 50% - 1:25
2 - 29% - 50% - 0:34
PK3 Forward
1 - 0% - 60%
2 - 0% - 40%
PK3 Defense
1 - 0% - 69%
2 - 0% - 31%
44 Forward
1 - 0% - 60%
2 - 0% - 40%
44 Defense
1 - 0% - 60%
2 - 0% - 40%
Last Minute Offensive - 0:58
Last Minute Defensive - 0:00
Total
Forward - 60:00
Defense - 60:00
|
% Time on Ice - Oilers
Lines # - Real PCT - Wanted PCT - Time Play
Normal Forward
1 - 33% - 40% - 17:01
2 - 27% - 30% - 13:37
3 - 23% - 20% - 11:29
4 - 17% - 10% - 8:55
Normal Defense
1 - 41% - 40% - 20:45
2 - 29% - 30% - 14:44
3 - 25% - 20% - 12:37
4 - 6% - 10% - 2:56
PP Forward
1 - 40% - 60% - 0:48
2 - 60% - 40% - 1:11
PP Defense
1 - 81% - 60% - 1:36
2 - 19% - 40% - 0:23
PK Forward
1 - 76% - 60% - 4:35
2 - 24% - 40% - 1:27
PK Defense
1 - 44% - 60% - 2:40
2 - 56% - 40% - 3:22
PK3 Forward
1 - 0% - 60%
2 - 0% - 40%
PK3 Defense
1 - 0% - 60%
2 - 0% - 40%
44 Forward
1 - 0% - 60%
2 - 0% - 40%
44 Defense
1 - 0% - 60%
2 - 0% - 40%
Last Minute Offensive - 0:00
Last Minute Defensive - 0:57
Total
Forward - 60:00
Defense - 60:00
|
Play-by-Play
1st period
0:01 of 1st period - Riley Sheahan wins face-off versus Andrei Loktionov in neutral zone.
0:26 of 1st period - Zach Bogosian is hit by Adam Larsson and loses puck.
0:33 of 1st period - Snap shot by Phil Kessel.
0:33 of 1st period - Stopped by Ondrej Pavelec with a rebound.
1:00 of 1st period - Wrist shot by Zach Bogosian.
1:00 of 1st period - Shot Blocked by Darnell Nurse.
1:36 of 1st period - Jared Cowen is hit by Teuvo Teravainen and loses puck.
1:57 of 1st period - Slapshot by Zach Bogosian.
1:57 of 1st period - Deflect By Seth Jones.
1:57 of 1st period - Stopped by James Reimer without a rebound.
1:58 of 1st period - Leon Draisaitl wins face-off versus Matt Stajan in Oilers zone.
2:07 of 1st period - Snap shot by Michael Frolik.
2:07 of 1st period - Deflect By Ilya Kovalchuk.
2:07 of 1st period - Stopped by James Reimer without a rebound.
2:08 of 1st period - Andrei Loktionov wins face-off versus Leon Draisaitl in Oilers zone.
2:11 of 1st period - Snap shot by Vladimir Zharkov.
2:11 of 1st period - Stopped by James Reimer with a rebound.
2:13 of 1st period - Wrist shot by Vladimir Zharkov.
2:13 of 1st period - Shot Misses the Net.
2:15 of 1st period - Slapshot by Sergei Plotnikov.
2:15 of 1st period - Stopped by James Reimer with a rebound.
2:26 of 1st period - Off-side.
2:27 of 1st period - Riley Sheahan wins face-off versus Chris Tierney in neutral zone.
2:34 of 1st period - Wrist shot by Taylor Hall.
2:34 of 1st period - Shot Blocked by Vladimir Mihalik.
2:36 of 1st period - Slapshot by Riley Sheahan.
2:36 of 1st period - Shot Misses the Net.
4:14 of 1st period - Off-side.
4:15 of 1st period - Andrei Loktionov wins face-off versus Connor McDavid in neutral zone.
4:15 of 1st period - Andrei Loktionov is hit by Darnell Nurse.
5:06 of 1st period - Snap shot by Chris Higgins.
5:06 of 1st period - Stopped by James Reimer with a rebound.
5:26 of 1st period - Jared Cowen is hit by Kellan Lain and loses puck.
5:31 of 1st period - Wrist shot by Kellan Lain.
5:31 of 1st period - Shot Hit the Post.
6:04 of 1st period - Icing by Shea Weber.
6:05 of 1st period - Chris Tierney wins face-off versus Riley Sheahan in Oilers zone.
6:12 of 1st period - Wrist shot by Wayne Simmonds.
6:12 of 1st period - Deflect By Teuvo Teravainen.
6:12 of 1st period - Stopped by James Reimer with a rebound.
6:23 of 1st period - Icing by Chris Tierney.
6:24 of 1st period - Leon Draisaitl wins face-off versus Chris Tierney in Golden Knights zone.
6:51 of 1st period - Teuvo Teravainen is hit by Ilya Kovalchuk and loses puck.
7:37 of 1st period - Off-side.
7:38 of 1st period - Connor McDavid wins face-off versus Patrice Cormier in neutral zone.
8:05 of 1st period - Snap shot by Connor McDavid.
8:05 of 1st period - Shot Misses the Net.
8:07 of 1st period - Wrist shot by Connor McDavid.
8:07 of 1st period - Shot Blocked by Mathew Dumba.
8:09 of 1st period - Wrist shot by Connor McDavid.
8:09 of 1st period - Shot Hit the Post.
8:11 of 1st period - Snap shot by Shea Weber.
8:11 of 1st period - Stopped by Ondrej Pavelec with a rebound.
8:13 of 1st period - Backhand shot by Darnell Nurse.
8:13 of 1st period - Stopped by Ondrej Pavelec with a rebound.
8:15 of 1st period - Wrist shot by Connor McDavid.
8:15 of 1st period - Shot Misses the Net.
8:17 of 1st period - Snap shot by Darnell Nurse.
8:17 of 1st period - Shot Misses the Net.
8:19 of 1st period - Slapshot by Pavel Buchnevich.
8:19 of 1st period - Stopped by Ondrej Pavelec without a rebound.
8:20 of 1st period - Matt Stajan wins face-off versus Riley Sheahan in Golden Knights zone.
8:52 of 1st period - Snap shot by Jordan Caron.
8:52 of 1st period - Shot Blocked by Michael Kostka.
9:42 of 1st period - Snap shot by Teuvo Teravainen.
9:42 of 1st period - Stopped by Ondrej Pavelec with a rebound.
10:02 of 1st period - Oscar Klefbom is hit by Mathew Dumba and loses puck.
10:09 of 1st period - Snap shot by Patrice Cormier.
10:09 of 1st period - Shot Misses the Net.
10:11 of 1st period - Wrist shot by Patrice Cormier.
10:11 of 1st period - Shot Blocked by Connor McDavid.
10:13 of 1st period - Slapshot by Shawn Matthias.
10:13 of 1st period - Shot Misses the Net.
10:19 of 1st period - Minor Penalty to Darnell Nurse for Hooking.
10:20 of 1st period - Riley Sheahan wins face-off versus Andrei Loktionov in Oilers zone.
10:31 of 1st period - Slapshot by Andrei Loktionov.
10:31 of 1st period - Shot Blocked by Seth Jones.
10:37 of 1st period - Snap shot by Andrei Loktionov.
10:37 of 1st period - Stopped by James Reimer with a rebound.
12:19 of 1st period - Penalty to Darnell Nurse is over, Darnell Nurse is back on ice.
12:29 of 1st period - Chris Kreider is hit by Wayne Simmonds and loses puck.
12:34 of 1st period - Wrist shot by Chris Higgins.
12:34 of 1st period - Shot Blocked by Oscar Klefbom.
12:36 of 1st period - Wrist shot by Mathew Dumba.
12:36 of 1st period - Shot Blocked by Phil Kessel.
13:08 of 1st period - Snap shot by Taylor Hall.
13:08 of 1st period - Stopped by Ondrej Pavelec without a rebound.
13:09 of 1st period - Patrice Cormier wins face-off versus Kevin Porter in Golden Knights zone.
13:14 of 1st period - Slapshot by Zach Bogosian.
13:14 of 1st period - Shot Misses the Net.
13:16 of 1st period - Slapshot by Zach Bogosian.
13:16 of 1st period - Stopped by James Reimer without a rebound.
13:17 of 1st period - Kevin Porter wins face-off versus Andrei Loktionov in Oilers zone.
13:24 of 1st period - Slapshot by Zach Bogosian.
13:24 of 1st period - Stopped by James Reimer with a rebound.
13:26 of 1st period - Snap shot by Andrei Loktionov.
13:26 of 1st period - Deflect By Sergei Plotnikov.
13:26 of 1st period - Shot Misses the Net.
13:26 of 1st period - Puck is out of play.
13:27 of 1st period - Riley Sheahan wins face-off versus Sergei Plotnikov in Oilers zone.
13:27 of 1st period - Riley Sheahan is hit by Andrei Loktionov.
13:53 of 1st period - Shea Weber is hit by Ilya Kovalchuk.
14:18 of 1st period - Snap shot by Shea Weber.
14:18 of 1st period - Shot Blocked by Wayne Simmonds.
14:20 of 1st period - Slapshot by Shea Weber.
14:20 of 1st period - Shot Misses the Net.
14:22 of 1st period - Snap shot by Pavel Buchnevich.
14:22 of 1st period - Shot Misses the Net.
14:32 of 1st period - Slapshot by James Neal.
14:32 of 1st period - Shot Misses the Net.
14:42 of 1st period - Wrist shot by Vladimir Zharkov.
14:42 of 1st period - Goal by Vladimir Zharkov - Golden Knights : 1 - Oilers : 0.
14:43 of 1st period - Riley Sheahan wins face-off versus Andrei Loktionov in neutral zone.
14:46 of 1st period - Snap shot by Teuvo Teravainen.
14:46 of 1st period - Shot Misses the Net.
14:54 of 1st period - Slapshot by Sergei Plotnikov.
14:54 of 1st period - Stopped by James Reimer without a rebound.
14:55 of 1st period - Riley Sheahan wins face-off versus Andrei Loktionov in Oilers zone.
15:25 of 1st period - Zach Bogosian is hit by Adam Larsson and loses puck.
15:34 of 1st period - Andrei Loktionov is hit by James Neal.
16:04 of 1st period - Slapshot by Riley Sheahan.
16:04 of 1st period - Shot Misses the Net.
16:25 of 1st period - Snap shot by Andrei Loktionov.
16:25 of 1st period - Stopped by James Reimer with a rebound.
16:29 of 1st period - Slapshot by Zach Bogosian.
16:29 of 1st period - Shot Blocked by Oscar Klefbom.
16:31 of 1st period - Snap shot by Jared Cowen.
16:31 of 1st period - Stopped by James Reimer with a rebound.
16:33 of 1st period - Snap shot by Vladimir Zharkov.
16:33 of 1st period - Deflect By Sergei Plotnikov.
16:33 of 1st period - Stopped by James Reimer with a rebound.
16:37 of 1st period - Snap shot by Sergei Plotnikov.
16:37 of 1st period - Stopped by James Reimer with a rebound.
16:39 of 1st period - Slapshot by Andrei Loktionov.
16:39 of 1st period - Shot Blocked by Teuvo Teravainen.
16:41 of 1st period - Snap shot by Vladimir Zharkov.
16:41 of 1st period - Shot Blocked by Tobias Enstrom.
16:43 of 1st period - Snap shot by Zach Bogosian.
16:43 of 1st period - Shot Blocked by Teuvo Teravainen.
16:45 of 1st period - Slapshot by Zach Bogosian.
16:45 of 1st period - Shot Misses the Net.
17:15 of 1st period - Slapshot by Oscar Klefbom.
17:15 of 1st period - Stopped by Ondrej Pavelec without a rebound.
17:16 of 1st period - Leon Draisaitl wins face-off versus Matt Stajan in Golden Knights zone.
17:17 of 1st period - Wrist shot by Chris Kreider.
17:17 of 1st period - Stopped by Ondrej Pavelec without a rebound.
17:18 of 1st period - Matt Stajan wins face-off versus Leon Draisaitl in Golden Knights zone.
17:27 of 1st period - Slapshot by Michael Frolik.
17:27 of 1st period - Shot Blocked by Chris Kreider.
18:29 of 1st period - Wrist shot by Michael Frolik.
18:29 of 1st period - Shot Misses the Net.
19:21 of 1st period - Snap shot by Kellan Lain.
19:21 of 1st period - Stopped by Ondrej Pavelec with a rebound.
19:43 of 1st period - Snap shot by Riley Sheahan.
19:43 of 1st period - Stopped by Ondrej Pavelec without a rebound.
19:44 of 1st period - Patrice Cormier wins face-off versus Riley Sheahan in Golden Knights zone.
19:44 of 1st period - Patrice Cormier is hit by Teuvo Teravainen.
19:47 of 1st period - Icing by Zach Bogosian.
19:48 of 1st period - Riley Sheahan wins face-off versus Patrice Cormier in Golden Knights zone.
19:53 of 1st period - Snap shot by Taylor Hall.
19:53 of 1st period - Shot Blocked by Zach Bogosian.
19:55 of 1st period - Wrist shot by Teuvo Teravainen.
19:55 of 1st period - Stopped by Ondrej Pavelec without a rebound.
19:56 of 1st period - Riley Sheahan wins face-off versus Matt Stajan in Golden Knights zone.
Goals for this period are 1 for Golden Knights vs 0 for Oilers.
Shots for this period are 15 for Golden Knights vs 11 for Oilers.
2nd period
0:01 of 2nd period - Riley Sheahan wins face-off versus Matt Stajan in neutral zone.
0:16 of 2nd period - Wrist shot by Michael Frolik.
0:16 of 2nd period - Shot Misses the Net.
0:26 of 2nd period - Taylor Hall is hit by Wayne Simmonds and loses puck.
0:35 of 2nd period - Wrist shot by Teuvo Teravainen.
0:35 of 2nd period - Shot Blocked by Michael Kostka.
0:37 of 2nd period - Snap shot by Shea Weber.
0:37 of 2nd period - Shot Blocked by Michael Kostka.
0:43 of 2nd period - Snap shot by Teuvo Teravainen.
0:43 of 2nd period - Stopped by Ondrej Pavelec with a rebound.
0:45 of 2nd period - Slapshot by Tobias Enstrom.
0:45 of 2nd period - Shot Misses the Net.
0:47 of 2nd period - Wrist shot by Riley Sheahan.
0:47 of 2nd period - Stopped by Ondrej Pavelec with a rebound.
0:49 of 2nd period - Wrist shot by Taylor Hall.
0:49 of 2nd period - Shot Blocked by Michael Kostka.
0:53 of 2nd period - Slapshot by Riley Sheahan.
0:53 of 2nd period - Stopped by Ondrej Pavelec with a rebound.
1:25 of 2nd period - Snap shot by Wayne Simmonds.
1:25 of 2nd period - Stopped by James Reimer with a rebound.
1:33 of 2nd period - Snap shot by Chris Tierney.
1:33 of 2nd period - Shot Misses the Net.
1:35 of 2nd period - Slapshot by Michael Kostka.
1:35 of 2nd period - Shot Misses the Net.
1:37 of 2nd period - Snap shot by Wayne Simmonds.
1:37 of 2nd period - Shot Misses the Net.
1:39 of 2nd period - Wrist shot by Wayne Simmonds.
1:39 of 2nd period - Shot Misses the Net.
1:41 of 2nd period - Snap shot by Chris Higgins.
1:41 of 2nd period - Shot Misses the Net.
1:57 of 2nd period - Snap shot by Wayne Simmonds.
1:57 of 2nd period - Stopped by James Reimer with a rebound.
1:59 of 2nd period - Wrist shot by Wes O'Neill.
1:59 of 2nd period - Stopped by James Reimer with a rebound.
2:01 of 2nd period - Slapshot by Wes O'Neill.
2:01 of 2nd period - Stopped by James Reimer with a rebound.
2:03 of 2nd period - Wrist shot by Chris Tierney.
2:03 of 2nd period - Shot Misses the Net.
2:05 of 2nd period - Slapshot by Michael Kostka.
2:05 of 2nd period - Shot Blocked by Riley Sheahan.
2:07 of 2nd period - Backhand shot by Michael Kostka.
2:07 of 2nd period - Shot Blocked by Oscar Klefbom.
2:09 of 2nd period - Slapshot by Wes O'Neill.
2:09 of 2nd period - Stopped by James Reimer without a rebound.
2:10 of 2nd period - Matt Stajan wins face-off versus Leon Draisaitl in Oilers zone.
2:19 of 2nd period - Snap shot by Michael Frolik.
2:19 of 2nd period - Shot Misses the Net.
2:21 of 2nd period - Slapshot by Mathew Dumba.
2:21 of 2nd period - Shot Blocked by Phil Kessel.
2:23 of 2nd period - Backhand shot by Mathew Dumba.
2:23 of 2nd period - Shot Misses the Net.
2:37 of 2nd period - Vladimir Zharkov is hit by James Neal and loses puck.
3:04 of 2nd period - Wrist shot by Kellan Lain.
3:04 of 2nd period - Shot Blocked by Jared Cowen.
3:48 of 2nd period - Wrist shot by Patrice Cormier.
3:48 of 2nd period - Deflect By Steve Bernier.
3:48 of 2nd period - Shot Blocked by Adam Larsson.
3:48 of 2nd period - Puck is out of play.
3:49 of 2nd period - Kevin Porter wins face-off versus Matt Stajan in Oilers zone.
4:01 of 2nd period - Icing by Kellan Lain.
4:02 of 2nd period - Kevin Porter wins face-off versus Matt Stajan in Oilers zone.
4:17 of 2nd period - Wrist shot by Matt Stajan.
4:17 of 2nd period - Shot Misses the Net.
4:19 of 2nd period - Snap shot by Michael Frolik.
4:19 of 2nd period - Shot Blocked by Darnell Nurse.
5:40 of 2nd period - Wrist shot by Michael Frolik.
5:40 of 2nd period - Shot Blocked by Taylor Hall.
5:42 of 2nd period - Slapshot by Michael Frolik.
5:42 of 2nd period - Stopped by James Reimer without a rebound.
5:43 of 2nd period - Andrei Loktionov wins face-off versus Leon Draisaitl in Oilers zone.
5:47 of 2nd period - Minor Penalty to Adam Larsson for Interference.
5:48 of 2nd period - Matt Stajan wins face-off versus Riley Sheahan in Oilers zone.
5:52 of 2nd period - Backhand shot by Jared Cowen.
5:52 of 2nd period - Goal by Jared Cowen - Golden Knights : 2 - Oilers : 0.
5:53 of 2nd period - Leon Draisaitl wins face-off versus Andrei Loktionov in neutral zone.
6:08 of 2nd period - Vladimir Zharkov is hit by Adam Larsson and loses puck.
6:26 of 2nd period - Michael Frolik is hit by Seth Jones and loses puck.
6:38 of 2nd period - Off-side.
6:39 of 2nd period - Patrice Cormier wins face-off versus Kevin Porter in neutral zone.
7:05 of 2nd period - Shea Weber is hit by Patrice Cormier and loses puck.
7:37 of 2nd period - Slapshot by Adam Larsson.
7:37 of 2nd period - Shot Misses the Net.
7:43 of 2nd period - Slapshot by Kellan Lain.
7:43 of 2nd period - Stopped by Ondrej Pavelec without a rebound.
7:44 of 2nd period - Andrei Loktionov wins face-off versus Chris Kreider in Golden Knights zone.
7:46 of 2nd period - Minor Penalty to Andrei Loktionov for Roughing.
7:47 of 2nd period - Chris Kreider wins face-off versus Chris Tierney in Golden Knights zone.
7:51 of 2nd period - Snap shot by Teuvo Teravainen.
7:51 of 2nd period - Stopped by Ondrej Pavelec without a rebound.
7:52 of 2nd period - Chris Tierney wins face-off versus Connor McDavid in Golden Knights zone.
8:28 of 2nd period - Wrist shot by Ilya Kovalchuk.
8:28 of 2nd period - Shot Blocked by Tobias Enstrom.
8:30 of 2nd period - Wrist shot by Ilya Kovalchuk.
8:30 of 2nd period - Shot Misses the Net.
8:52 of 2nd period - Snap shot by Leon Draisaitl.
8:52 of 2nd period - Shot Blocked by Michael Kostka.
9:16 of 2nd period - Patrice Cormier is hit by Oscar Klefbom.
9:46 of 2nd period - Penalty to Andrei Loktionov is over, Andrei Loktionov is back on ice.
9:50 of 2nd period - Minor Penalty to Jordan Caron for Tripping.
9:51 of 2nd period - Matt Stajan wins face-off versus Riley Sheahan in Oilers zone.
9:51 of 2nd period - Wrist shot by Zach Bogosian.
9:51 of 2nd period - Stopped by James Reimer with a rebound.
9:53 of 2nd period - Slapshot by Zach Bogosian.
9:53 of 2nd period - Shot Blocked by Seth Jones.
9:55 of 2nd period - Snap shot by Matt Stajan.
9:55 of 2nd period - Shot Blocked by Riley Sheahan.
9:57 of 2nd period - Snap shot by Matt Stajan.
9:57 of 2nd period - Shot Blocked by Shea Weber.
11:38 of 2nd period - Michael Frolik is hit by Seth Jones and loses puck.
11:50 of 2nd period - Penalty to Jordan Caron is over, Jordan Caron is back on ice.
12:05 of 2nd period - Wrist shot by Shawn Matthias.
12:05 of 2nd period - Deflect By Kevin Porter.
12:05 of 2nd period - Shot Misses the Net.
12:05 of 2nd period - Puck is out of play.
12:06 of 2nd period - Patrice Cormier wins face-off versus Leon Draisaitl in Oilers zone.
12:07 of 2nd period - Snap shot by Shawn Matthias.
12:07 of 2nd period - Shot Misses the Net.
13:39 of 2nd period - Jared Cowen is hit by Jordan Caron.
13:51 of 2nd period - Snap shot by Connor McDavid.
13:51 of 2nd period - Shot Misses the Net.
13:57 of 2nd period - Shea Weber is hit by Chris Tierney and loses puck.
14:11 of 2nd period - Icing by Jared Cowen.
14:12 of 2nd period - Andrei Loktionov wins face-off versus Riley Sheahan in Golden Knights zone.
14:29 of 2nd period - Seth Jones is hit by Zach Bogosian and loses puck.
15:41 of 2nd period - Vladimir Mihalik is hit by Riley Sheahan and loses puck.
16:56 of 2nd period - Snap shot by Riley Sheahan.
16:56 of 2nd period - Goal by Riley Sheahan - Golden Knights : 2 - Oilers : 1.
16:57 of 2nd period - Andrei Loktionov wins face-off versus Riley Sheahan in neutral zone.
17:26 of 2nd period - Jared Cowen is hit by Leon Draisaitl and loses puck.
19:01 of 2nd period - Wrist shot by Phil Kessel.
19:01 of 2nd period - Shot Misses the Net.
19:03 of 2nd period - Wrist shot by Leon Draisaitl.
19:03 of 2nd period - Shot Misses the Net.
19:05 of 2nd period - Snap shot by Leon Draisaitl.
19:05 of 2nd period - Stopped by Ondrej Pavelec with a rebound.
19:41 of 2nd period - Snap shot by Michael Frolik.
19:41 of 2nd period - Shot Misses the Net.
19:43 of 2nd period - Wrist shot by Matt Stajan.
19:43 of 2nd period - Stopped by James Reimer without a rebound.
19:44 of 2nd period - Riley Sheahan wins face-off versus Andrei Loktionov in Oilers zone.
Goals for this period are 1 for Golden Knights vs 1 for Oilers.
Shots for this period are 9 for Golden Knights vs 7 for Oilers.
3rd period
0:01 of 3rd period - Andrei Loktionov wins face-off versus Riley Sheahan in neutral zone.
0:04 of 3rd period - Slapshot by Zach Bogosian.
0:04 of 3rd period - Shot Blocked by Seth Jones.
1:50 of 3rd period - Snap shot by Leon Draisaitl.
1:50 of 3rd period - Shot Misses the Net.
1:52 of 3rd period - Slapshot by Chris Kreider.
1:52 of 3rd period - Shot Misses the Net.
2:16 of 3rd period - Snap shot by Kellan Lain.
2:16 of 3rd period - Stopped by Ondrej Pavelec without a rebound.
2:17 of 3rd period - Andrei Loktionov wins face-off versus Kevin Porter in Golden Knights zone.
2:49 of 3rd period - Teuvo Teravainen is hit by Jared Cowen and loses puck.
3:08 of 3rd period - Wrist shot by Michael Frolik.
3:08 of 3rd period - Deflect By Ilya Kovalchuk.
3:08 of 3rd period - Shot Blocked by Seth Jones.
3:08 of 3rd period - Puck is out of play.
3:09 of 3rd period - Leon Draisaitl wins face-off versus Matt Stajan in Oilers zone.
3:34 of 3rd period - Chris Kreider is hit by Matt Stajan and loses puck.
3:43 of 3rd period - Snap shot by Matt Stajan.
3:43 of 3rd period - Stopped by James Reimer without a rebound.
3:44 of 3rd period - Riley Sheahan wins face-off versus Andrei Loktionov in Oilers zone.
3:51 of 3rd period - Wrist shot by Taylor Hall.
3:51 of 3rd period - Stopped by Ondrej Pavelec with a rebound.
3:53 of 3rd period - Wrist shot by Teuvo Teravainen.
3:53 of 3rd period - Shot Blocked by Zach Bogosian.
3:55 of 3rd period - Wrist shot by Taylor Hall.
3:55 of 3rd period - Shot Misses the Net.
3:57 of 3rd period - Wrist shot by Teuvo Teravainen.
3:57 of 3rd period - Stopped by Ondrej Pavelec with a rebound.
3:59 of 3rd period - Wrist shot by Taylor Hall.
3:59 of 3rd period - Deflect By Riley Sheahan.
3:59 of 3rd period - Shot Misses the Net.
3:59 of 3rd period - Puck is out of play.
4:00 of 3rd period - Leon Draisaitl wins face-off versus Matt Stajan in Golden Knights zone.
4:05 of 3rd period - Wrist shot by Leon Draisaitl.
4:05 of 3rd period - Stopped by Ondrej Pavelec without a rebound.
4:06 of 3rd period - Leon Draisaitl wins face-off versus Matt Stajan in Golden Knights zone.
4:07 of 3rd period - Snap shot by Chris Kreider.
4:07 of 3rd period - Shot Misses the Net.
5:17 of 3rd period - Slapshot by Adam Larsson.
5:17 of 3rd period - Stopped by Ondrej Pavelec with a rebound.
5:19 of 3rd period - Snap shot by Kevin Porter.
5:19 of 3rd period - Stopped by Ondrej Pavelec with a rebound.
5:21 of 3rd period - Snap shot by Jordan Caron.
5:21 of 3rd period - Deflect By Steve Bernier.
5:21 of 3rd period - Goal by Jordan Caron - Golden Knights : 2 - Oilers : 2.
5:22 of 3rd period - Riley Sheahan wins face-off versus Sergei Plotnikov in neutral zone.
5:25 of 3rd period - Vladimir Zharkov is hit by Darnell Nurse and loses puck.
5:54 of 3rd period - Snap shot by Chris Kreider.
5:54 of 3rd period - Shot Blocked by Jared Cowen.
6:36 of 3rd period - Snap shot by Kellan Lain.
6:36 of 3rd period - Goal by Kellan Lain - Golden Knights : 2 - Oilers : 3.
6:37 of 3rd period - Riley Sheahan wins face-off versus Andrei Loktionov in neutral zone.
6:40 of 3rd period - Slapshot by Teuvo Teravainen.
6:40 of 3rd period - Stopped by Ondrej Pavelec without a rebound.
6:41 of 3rd period - Riley Sheahan wins face-off versus Andrei Loktionov in Golden Knights zone.
8:06 of 3rd period - Slapshot by Chris Higgins.
8:06 of 3rd period - Stopped by James Reimer without a rebound.
8:07 of 3rd period - Taylor Hall wins face-off versus Andrei Loktionov in Oilers zone.
8:38 of 3rd period - Off-side.
8:39 of 3rd period - Matt Stajan wins face-off versus Connor McDavid in neutral zone.
8:42 of 3rd period - James Neal is hit by Michael Frolik and loses puck.
9:11 of 3rd period - Off-side.
9:12 of 3rd period - Andrei Loktionov wins face-off versus Riley Sheahan in neutral zone.
10:06 of 3rd period - Tobias Enstrom is hit by Patrice Cormier and loses puck.
10:27 of 3rd period - Snap shot by James Neal.
10:27 of 3rd period - Stopped by Ondrej Pavelec without a rebound.
10:28 of 3rd period - Andrei Loktionov wins face-off versus Connor McDavid in Golden Knights zone.
11:02 of 3rd period - Snap shot by Taylor Hall.
11:02 of 3rd period - Stopped by Ondrej Pavelec with a rebound.
11:46 of 3rd period - Wrist shot by Andrei Loktionov.
11:46 of 3rd period - Stopped by James Reimer with a rebound.
11:48 of 3rd period - Slapshot by Mathew Dumba.
11:48 of 3rd period - Shot Misses the Net.
11:50 of 3rd period - Snap shot by Vladimir Mihalik.
11:50 of 3rd period - Stopped by James Reimer with a rebound.
12:31 of 3rd period - Snap shot by Matt Stajan.
12:31 of 3rd period - Shot Misses the Net.
12:33 of 3rd period - Wrist shot by Matt Stajan.
12:33 of 3rd period - Stopped by James Reimer without a rebound.
12:34 of 3rd period - Andrei Loktionov wins face-off versus Leon Draisaitl in Oilers zone.
12:39 of 3rd period - Wrist shot by Andrei Loktionov.
12:39 of 3rd period - Stopped by James Reimer with a rebound.
12:41 of 3rd period - Snap shot by Andrei Loktionov.
12:41 of 3rd period - Shot Blocked by Chris Kreider.
12:43 of 3rd period - Wrist shot by Vladimir Zharkov.
12:43 of 3rd period - Shot Misses the Net.
13:35 of 3rd period - Chris Tierney is hit by James Neal.
13:45 of 3rd period - Wayne Simmonds is hit by Chris Kreider and loses puck.
14:02 of 3rd period - Snap shot by Wayne Simmonds.
14:02 of 3rd period - Shot Misses the Net.
14:04 of 3rd period - Snap shot by Wayne Simmonds.
14:04 of 3rd period - Stopped by James Reimer with a rebound.
14:06 of 3rd period - Slapshot by Mathew Dumba.
14:06 of 3rd period - Stopped by James Reimer without a rebound.
14:07 of 3rd period - Riley Sheahan wins face-off versus Andrei Loktionov in Oilers zone.
14:09 of 3rd period - Teuvo Teravainen is hit by Andrei Loktionov.
14:21 of 3rd period - Wrist shot by Andrei Loktionov.
14:21 of 3rd period - Shot Misses the Net.
14:23 of 3rd period - Wrist shot by Sergei Plotnikov.
14:23 of 3rd period - Shot Blocked by Seth Jones.
14:55 of 3rd period - Snap shot by Patrice Cormier.
14:55 of 3rd period - Stopped by James Reimer with a rebound.
14:57 of 3rd period - Wrist shot by Shawn Matthias.
14:57 of 3rd period - Stopped by James Reimer with a rebound.
15:35 of 3rd period - Wrist shot by Taylor Hall.
15:35 of 3rd period - Shot Misses the Net.
16:32 of 3rd period - Michael Frolik is hit by Teuvo Teravainen and loses puck.
17:00 of 3rd period - Minor Penalty to Darnell Nurse for Holding.
17:01 of 3rd period - Vladimir Zharkov wins face-off versus Riley Sheahan in Oilers zone.
17:12 of 3rd period - Snap shot by Matt Stajan.
17:12 of 3rd period - Shot Blocked by Riley Sheahan.
19:00 of 3rd period - Penalty to Darnell Nurse is over, Darnell Nurse is back on ice.
19:13 of 3rd period - Golden Knights, Ondrej Pavelec is pulled from the net.
Goals for this period are 0 for Golden Knights vs 2 for Oilers.
Shots for this period are 10 for Golden Knights vs 11 for Oilers.